 Dungeon Crawl Stone Soup version 0.25-a0-804-g50c693f (webtiles) character file.

Game seed: 775841500891474457, levelgen mode: deterministic

1265 EGOIC the Destroyer (level 8, -3/57 HPs)
             Began as a Green Draconian Conjurer on Apr 19, 2020.
             Was an Initiate of Sif Muna.
             Hit by a silver boomerang thrown by an orc warrior (4 damage)
             ... on level 6 of the Dungeon.
             The game lasted 00:22:27 (7188 turns).

EGOIC the Destroyer (Green Draconian Conjurer)      Turns: 7188, Time: 00:22:28

Health: -3/57      AC:  6    Str: 11    XL:     8   Next: 27%
Magic:  15/15      EV: 13    Int: 17    God:    Sif Muna [......]
Gold:   351        SH:  0    Dex: 12    Spells: 9/16 levels left

rFire    . . .     SeeInvis .   n - +2 dagger (drain)
rCold    . . .     Gourm    .   (no shield)
rNeg     . . .     Faith    .   (armour unavailable)
rPois    +         Spirit   .   (helmet restricted)
rElec    .         Reflect  .   (no cloak)
rCorr    .         Harm     .   (no gloves)
MR       .....                  (no boots)
Stlth    ++........             (no amulet)
HPRegen  0.19/turn              (no ring)
MPRegen  0.14/turn              (no ring)

@: no status effects
A: breathe noxious fumes, unfitting armour, poison resistance, cold-blooded, AC
+6
a: Breathe Noxious Fumes, Renounce Religion


You were on level 6 of the Dungeon.
You worshipped Sif Muna.
Sif Muna was noncommittal.
You were not hungry.

You visited 2 branches of the dungeon, and saw 8 of its levels.

You collected 351 gold pieces.

Inventory:

Hand Weapons
 l - a +0 short sword
 n - a +2 dagger of draining (weapon)
 o - a +1 falchion of holy wrath
Magical Staves
 p - an uncursed staff of death {unknown}
 w - a cursed staff of poison {unknown}
Wands
 f - a wand of random effects (14)
 i - a wand of flame (20)
 m - a wand of enslavement (13)
 s - a wand of acid (10)
 A - a wand of paralysis (11)
Scrolls
 j - 7 scrolls of amnesia
 k - a scroll of blinking {unknown}
 r - a scroll of enchant armour {unknown}
 u - 2 scrolls of remove curse
 v - a scroll of acquirement {unknown}
 x - 4 scrolls of identify
 y - 2 scrolls of fear {unknown}
 z - a scroll of immolation {unknown}
Potions
 a - a potion of brilliance {unknown}
 c - a potion of ambrosia {unknown}
 e - a potion of magic {unknown}
 g - 8 potions of curing
 h - a potion of resistance {unknown}
 q - a potion of heal wounds {unknown}
 t - a potion of mutation {unknown}
 B - a potion of might {unknown}
Comestibles
 b - 8 rations


   Skills:
 - Level 0.3(0.4) Short Blades
 - Level 0.2(0.4) Long Blades
 - Level 4.0 Dodging
 - Level 1.7 Stealth
 * Level 4.7 Spellcasting
 + Level 8.5 Conjurations
 + Level 1.1 Translocations
 - Level 0.8 Evocations


You had 9 spell levels left.
You knew the following spells:

 Your Spells              Type           Power        Failure   Level  Hunger
a - Magic Dart            Conj           ####         1%          1    None
b - Searing Ray           Conj           ####..       1%          2    #......
c - Iskenderun's Mystic   Conj/Tloc      ###.....     21%         4    ####...

Your spell library contained the following spells:

 Spells                   Type           Power        Failure   Level  Hunger
 Dazzling Flash           Conj/Hex       ###...       8%          3    ###....
 Beastly Appendage        Tmut           #.....       14%         1    None
 Sticks to Snakes         Tmut           #.......     22%         2    #......
 Fulminant Prism          Conj/Hex       ###.......   26%         4    ####...
 Spider Form              Tmut/Pois      #.........   41%         3    ###....
 Ice Form                 Ice/Tmut       #.......     82%         4    ####...
 Blade Hands              Tmut           #.........   99%         5    ######.


Dungeon Overview and Level Annotations

Branches:
Dungeon (7/15)             Temple (1/1) D:6

Altars:
Dithmenos
Elyvilon
Gozag
Nemelex Xobeh
Qazlal
Sif Muna
Uskayaw
Wu Jian
Yredelemnul
Zin
The Shining One

Annotations:
D:4 Eustachio


Innate Abilities, Weirdness & Mutations

You can breathe blasts of noxious fumes.
Your lurid green scales are hard. (AC +6)
You cannot fit into any form of body armour.
Your system is resistant to poisons. (rPois)
You are cold-blooded and may be slowed by cold attacks.


Message History

The orc hits you but does no damage.
There is a stone staircase leading up, spattered with blood here.
The orc warrior hits you with a +0 dire flail!
The orc barely misses you.
You climb upwards.
There is a stone staircase leading down here.
The orc warrior throws a silver boomerang.
The silver boomerang hits you!!
The weapon returns to the orc warrior!
The orc warrior throws a silver boomerang.
The silver boomerang completely misses you.
The weapon returns to the orc warrior!
You feel better.
The orc warrior throws a silver boomerang.
The silver boomerang hits you!
* * * LOW HITPOINT WARNING * * *
x2 The weapon returns to the orc warrior!
The orc warrior throws a silver boomerang.
The silver boomerang hits you!
* * * LOW HITPOINT WARNING * * *
You die...

.......#.##
#....#.#
#.########.
.......#..#
#..#.#.#
#.......##.
#########.#
#..#...#
###........
#.###..#####
#........
#..##....#
#........
####'##'##.#
#[.......
#........#.#
#........
#...(....#.#
##.)......
#........#@#
#.[)......
#........#.#
#.........
#........#.#
#.........
#........#.#
#.........
#........o.#
#..#.#.#..
#........###
#..#.#.#.#
#......oo#
#.........
#######........#
#..#.##.#.
..............o#
#..#....#.


You could see an orc warrior.

Vanquished Creatures
  A water moccasin (D:7)
  A sky beast (D:5)
  3 ogres
  A centaur (D:5)
  A bullfrog (D:7)
  A scorpion (D:7)
  A bullfrog zombie (D:5)
  3 hounds
  2 orc priests
  4 orc wizards
  2 iguanas
  2 worker ants (D:5)
  A hound skeleton (D:5)
  A worker ant zombie (D:7)
  8 adders
  2 shadow imps (D:6)
  An adder skeleton (D:4)
  2 worms (D:2)
  2 dart slugs
  3 leopard geckos
  23 orcs
  4 giant cockroaches
  8 hobgoblins
  6 jackals
  3 quokkas
  A ball python (D:3)
  5 bats
  3 frilled lizards
  6 goblins
  A jackal skeleton (D:4)
  12 kobolds
  A leopard gecko skeleton (D:4)
  6 rats
121 creatures vanquished.

Notes
Turn   | Place    | Note
-------+----------+-------------------------------------------
     0 | D:1      | EGOIC the Draconian Conjurer began the quest for the Orb.
     0 | D:1      | Reached XP level 1. HP: 14/14 MP: 3/3
   193 | D:1      | Found a shadowy altar of Dithmenos.
   327 | D:1      | Reached XP level 2. HP: 20/20 MP: 0/5
   443 | D:1      | Learned a level 2 spell: Searing Ray
  1254 | D:2      | Reached XP level 3. HP: 26/26 MP: 0/6
  1411 | D:2      | Reached skill level 5 in Conjurations
  2244 | D:3      | Reached XP level 4. HP: 33/33 MP: 3/7
  2521 | D:3      | Learned a level 4 spell: Iskenderun's Mystic Blast
  3489 | D:3      | Reached XP level 5. HP: 38/38 MP: 4/8
  3766 | D:4      | Found a stormy altar of Qazlal.
  3767 | D:4      | Noticed a fire elemental
  3767 | D:4      | Noticed a water elemental
  3767 | D:4      | Noticed an air elemental
  4019 | D:4      | Noticed an ogre
  4079 | D:4      | Killed an ogre
  4079 | D:4      | Reached skill level 6 in Conjurations
  4151 | D:4      | Noticed Eustachio
  4167 | D:5      | Entered Level 5 of the Dungeon
  4171 | D:5      | Noticed a sky beast
  4192 | D:5      | Killed a sky beast
  4192 | D:5      | Reached XP level 6. HP: 19/45 MP: 0/9
  4695 | D:5      | Reached skill level 7 in Conjurations
  4808 | D:5      | Your scales start taking on a lurid green colour.
  4808 | D:5      | Reached XP level 7. HP: 45/50 MP: 3/10
  4808 | D:5      | Gained mutation: Your system is resistant to poisons.
                  | (rPois) [Green Draconian growth]
  5496 | D:6      | Found a staircase to the Ecumenical Temple.
  5512 | Temple   | Entered the Ecumenical Temple
  5538 | Temple   | Became a worshipper of Sif Muna the Loreminder
  6135 | D:7      | Reached skill level 8 in Conjurations
  6174 | D:7      | Noticed a two-headed ogre
  6389 | D:7      | Reached XP level 8. HP: 32/57 MP: 11/14
  6588 | D:7      | Reached skill level 1 in Translocations
  7188 | D:6      | HP: 1/57 [orc warrior/silver boomerang (12)]
  7188 | D:6      | Hit by a silver boomerang thrown by an orc warrior

Levels and vault maps discovered:
D:1:      erik_arrival_blinker_ship, layout_rooms,
          minmay_misc_feat_four_crosses, nrook_campfire, supply_closet_lemuel,
          minmay_crystal_water, kennysheep_flooded_box
D:2:      layout_basic, kennysheep_another_room, corexii_corridor_pit
D:3:      layout_basic
D:4:      kennysheep_kobold_camp, layout_basic,
          nicolae_qazlal_style_of_elements, first_ration, uniq_eustachio
D:5:      layout_loops_ring, chequers_serial_rivers_room_a
D:6:      layout_basic, minmay_temple_entry_ruins
D:7:      layout_rooms, the_bakery
Temple:   nicolae_temple_the_god_donut

Skill      XL: |  1  2  3  4  5  6  7  8 |
---------------+-------------------------+-----
Dodging        | 2 3 4 |  4.0
Conjurations   | 5 6 7 8 |  8.5
Spellcasting   | 4 |  4.7
Translocations | 1 |  1.1
Short Blades   | |  0.3
Long Blades    | |  0.2
Stealth        | |  1.7
Evocations     | |  0.8

Action                   |  1- 3 |  4- 6 |  7- 9 || total
-------------------------+-------+-------+-------++-------
Melee: Dagger            |    31 |    93 |    70 ||   194
       Unarmed           |     2 |       |       ||     2
       Tailslap          |     3 |    14 |     6 ||    23
       Short sword       |     1 |       |       ||     1
       Falchion          |       |     9 |       ||     9
 Cast: Magic Dart        |    58 |    73 |    55 ||   186
       Searing Ray       |     3 |     8 |     3 ||    14
       Iskenderun's Myst |       |       |     4 ||     4
 Abil: Breathe Noxious F |       |       |     7 ||     7
Evoke: Wand              |       |     5 |       ||     5
  Use: Scroll            |       |     7 |     2 ||     9
       Potion            |       |     1 |     1 ||     2
 Stab: Sleeping          |     1 |       |       ||     1
       Confused          |       |       |     2 ||     2
  Eat: Chunk             |     4 |    11 |     5 ||    20
       Ration            |       |       |     2 ||     2
Armor: Skin              |    16 |    25 |    21 ||    62
Dodge: Dodged            |    55 |    76 |    63 ||   194
       Rpst.: Falchion   |       |     1 |       ||     1

Table legend:
 A = Non-vault XP
 B = Vault XP
 C = Vault XP percentage of total XP
 D = Non-vault monster count
 E = Vault monster count
 F = Vault count percentage of total count
                 A         B        C        D         E       F
            +---------+---------+-------+---------+---------+-------
      Total |    1808 |       0 |   0.0 |     121 |       0 |   0.0
            +---------+---------+-------+---------+---------+-------
        D:1 |      15 |       0 |   0.0 |       9 |       0 |   0.0
        D:2 |      77 |       0 |   0.0 |      21 |       0 |   0.0
        D:3 |     123 |       0 |   0.0 |      30 |       0 |   0.0
        D:4 |     128 |       0 |   0.0 |       8 |       0 |   0.0
        D:5 |     507 |       0 |   0.0 |      23 |       0 |   0.0
        D:6 |     388 |       0 |   0.0 |      21 |       0 |   0.0
        D:7 |     570 |       0 |   0.0 |       9 |       0 |   0.0
            +---------+---------+-------+---------+---------+-------
